 Dungeon Crawl Stone Soup version 0.25-a0-178-gc9f82b1288 (webtiles) character file.

Game seed: 14052096602953919907, levelgen mode: deterministic

7817 Arum the Fighter (level 11, -6/93 HPs)
             Began as a Formicid Fighter on Nov 26, 2019.
             Was an Elder of Qazlal.
             Shot with an arrow by a centaur (9 damage)
             ... on level 10 of the Dungeon.
             The game lasted 00:14:57 (10619 turns).

Arum the Fighter (Formicid Fighter)                Turns: 10619, Time: 00:14:57

Health: -6/93      AC: 11    Str: 29    XL:     11   Next: 44%
Magic:  7/11       EV: 10    Int:  9    God:    Qazlal [****..]
Gold:   179        SH: 18    Dex: 14    Spells: 10/10 levels left

rFire    x . .     SeeInvis +   y - +1 flail (crush)
rCold    + + .     Gourm    .   c - +0 shield
rNeg     . . .     Faith    .   w - +0 scale mail {rC+}
rPois    .         Spirit   .   (helmet unavailable)
rElec    +         Reflect  .   o - +0 cloak
rCorr    .         Harm     .   B - +1 pair of gloves {Dex+3}
MR       +....                  (no boots)
Stlth    ..........             (no amulet)
HPRegen  0.25/turn              R - ring "Joteaniy" {rElec Stlth-}
MPRegen  0.12/turn              G - ring "Xih Tuok" {Ice Str+7}

@: studying Transmutations, repel missiles
A: permanent stasis, dig shafts and tunnels, four strong arms, antennae 3
a: Dig, Shaft Self, Upheaval, Elemental Force, Renounce Religion


You were on level 10 of the Dungeon.
You worshipped Qazlal.
Qazlal was greatly pleased with you.
You were hungry.

You visited 1 branch of the dungeon, and saw 10 of its levels.
You also visited: Ossuary.

You collected 454 gold pieces.
You spent 275 gold pieces at shops.

Inventory:

Hand Weapons
 x - a +0 flail of protection
 y - a +1 flail of crushing (weapon)
 F - a +2 scimitar of flaming
 K - a +1 mace of holy wrath
Armour
 c - a +0 shield (worn)
 o - a +0 cloak (worn)
 w - a +0 scale mail of cold resistance (worn)
 B - a +1 pair of gloves of dexterity (worn)
 S - a +0 large shield
Jewellery
 n - an uncursed ring of positive energy
 G - the ring "Xih Tuok" (right hand) {Ice Str+7}
   (You found it in an ossuary)

   [ring of ice]

   It enhances your ice magic.
   It affects your strength (+7).
   It makes you vulnerable to fire.
   It protects you from cold.
 J - an uncursed ring of protection from cold
 R - the ring "Joteaniy" (left hand) {rElec Stlth-}
   (You took it off an orc priest on level 9 of the Dungeon)

   [ring of attention]

   It insulates you from electricity.
   It makes you less stealthy.
 T - an uncursed ring of poison resistance
Wands
 z - a wand of flame (27)
 I - a wand of acid (10)
 L - a wand of random effects (9)
 O - a wand of iceblast (8)
 P - a wand of digging (5)
Scrolls
 b - 2 scrolls of random uselessness {unknown}
 e - 2 scrolls of remove curse
 g - a scroll of fog {unknown}
 h - 6 scrolls of teleportation
 k - 2 scrolls of blinking {unknown}
 p - 3 scrolls of magic mapping
 q - 11 scrolls of identify
 t - 3 scrolls of enchant armour
 v - 2 scrolls of enchant weapon {unknown}
 A - 3 scrolls of fear {unknown}
 M - a scroll of torment {unknown}
 N - a scroll of noise {unknown}
 Q - a scroll of immolation {unknown}
Potions
 a - a potion of berserk rage {unknown}
 d - 4 potions of might
 i - a potion of agility {unknown}
 j - 4 potions of lignification
 l - 8 potions of heal wounds
 m - 3 potions of haste {unknown}
 r - 2 potions of resistance {unknown}
 s - 3 potions of brilliance {unknown}
 u - 4 potions of degeneration {unknown}
 C - 2 potions of curing
 E - a potion of mutation {unknown}
 H - a potion of ambrosia {unknown}
 U - a potion of magic {unknown}
Books
 D - a manual of Transmutations
Comestibles
 f - 23 rations


   Skills:
 + Level 11.1 Fighting
 + Level 10.0 Maces & Flails
 + Level 6.1 Armour
 - Level 11.0 Shields


You had 10 spell levels left.
You didn't know any spells.
Your spell library contained the following spells:

 Spells                   Type           Power        Failure   Level  Hunger
 Corona                   Hex            #......      63%         1    ##.....
 Sandblast                Erth           #.....       63%         1    ##.....
 Ensorcelled Hibernation  Hex/Ice        #.....       77%         2    ###....
 Passwall                 Tmut/Erth      #.......     77%         2    ###....
 Confuse                  Hex            #.......     94%         3    ####...
 Dazzling Spray           Conj/Hex       #.....       94%         3    ####...
 Stone Arrow              Conj/Erth      #.....       94%         3    ####...
 Tukima's Dance           Hex            #.......     94%         3    ####...
 Petrify                  Tmut/Erth      #.......     100%        4    #####..
 Lee's Rapid Deconstruct  Erth           #.........   100%        5    ######.


Dungeon Overview and Level Annotations

Branches:
Dungeon (10/15)            Temple (0/1) D:7         Ossuary (visited)
   Lair: D:8-11         Orc: D:9-12

Altars:
Dithmenos
Gozag
Nemelex Xobeh
Qazlal
Wu Jian
Xom
Yredelemnul
Zin

Shops:
D:4 *   D:6 !   D:7 %


Innate Abilities, Weirdness & Mutations

You cannot be hasted, slowed, berserked, paralysed or teleported.
You can dig through walls and to a lower floor.
Your four strong arms can wield two-handed weapons with a shield.
You have a pair of large antennae on your head. (SInv)


Message History

Your Armour skill increases to level 6!
The iceblast engulfs the centaur!
The centaur is heavily wounded.
The centaur shoots an arrow.
The arrow hits you.
* * * LOW HITPOINT WARNING * * *
Unknown command.
Unknown command.
Unknown command.
Unknown command.
Unknown command.
Evoke which item? (* to show all) (? for menu, Esc to quit)
Aiming: Iceblast
Press: ? - help, Shift-Dir - straight line The mass of ice explodes!
The iceblast engulfs the orc!
You kill the orc!
Qazlal accepts your kill.
The iceblast engulfs the centaur.
The centaur is almost dead.
The centaur shoots an arrow.
The arrow hits you!
You die...

####.#####≈##..#####
#....................
#..............#######
##.#.#...............#
#....#.####..<.#.....
##...#.# #.#....###
#...#.####.#.[..###.
#...#..§...))........
##..☼○@○....#.........
#....#.°))°...........
##.#.#...○........#..≈
#.#.####c#.#...#.#.≈≈
##...# #.#.....#... ≈
#...###...#.#.#....
#..................
#...####....#....#
#...#....).......#.#


You could see a centaur.

Vanquished Creatures
  Erica (D:9)
  An orc knight (D:10)
  Joseph (D:7)
  A troll (D:10)
  3 hippogriffs
  Sigmund (D:6)
  A human (D:7)
  4 hogs (D:7)
  Duvessa (D:7)
  A water moccasin (D:6)
  3 orc warriors
  2 ice beasts
  2 phantoms
  4 ogres
  2 sky beasts
  A necrophage (D:10)
  Blork the orc (D:6)
  A bullfrog (D:9)
  A wyvern zombie (Ossuary)
  2 scorpions
  Dowan (D:7)
  3 wights (D:10)
  21 killer bees
  A howler monkey (D:5)
  5 crimson imps
  4 bullfrog zombies
  3 centaur zombies
  2 hounds
  2 jellies
  6 orc priests
  A centaur skeleton (D:10)
  A gnoll shaman (D:8)
  A bullfrog skeleton (D:8)
  6 orc wizards
  Terence (D:2)
  4 iguanas
  6 worker ants
  A killer bee zombie (D:8)
  2 hound zombies
  12 mummies (Ossuary)
  6 worker ant zombies (Ossuary)
  11 gnolls
  11 adders
  3 shadow imps
  An ooze (D:6)
  2 adder zombies
  A worm (D:3)
  2 leopard geckos
  44 orcs
  7 bats
  9 giant cockroaches
  7 goblins
  4 hobgoblins
  4 jackals (D:3)
  3 quokkas
  A ball python (D:1)
  A ball python zombie (Ossuary)
  A frilled lizard (D:2)
  2 jackal zombies (Ossuary)
  7 kobolds
  A leopard gecko skeleton (D:6)
  A quokka skeleton (D:6)
  A quokka zombie (Ossuary)
  8 rats
255 creatures vanquished.

Vanquished Creatures (others)
  A wight (D:10)
  2 withered plants (Ossuary)
3 creatures vanquished.

Grand Total: 258 creatures vanquished

Notes
Turn   | Place    | Note
-------+----------+-------------------------------------------
     0 | D:1      | Arum the Formicid Fighter began the quest for the Orb.
     0 | D:1      | Reached XP level 1. HP: 18/18 MP: 1/1
     5 | D:1      | Noticed a minotaur zombie
     6 | D:1      | Noticed a minotaur zombie
     8 | D:1      | Noticed an ogre
    10 | D:1      | Noticed a minotaur zombie
    12 | D:1      | Noticed a minotaur skeleton
    15 | D:1      | Noticed a vine stalker
    19 | D:1      | Noticed a formicid
    19 | D:1      | Noticed a vampire
   212 | D:1      | Reached XP level 2. HP: 24/24 MP: 2/2
   577 | D:2      | Reached XP level 3. HP: 30/30 MP: 3/3
   670 | D:2      | Reached XP level 4. HP: 31/37 MP: 4/4
   797 | D:2      | Found a stormy altar of Qazlal.
   799 | D:2      | Noticed an earth elemental
   800 | D:2      | Noticed an air elemental
   800 | D:2      | Noticed a fire elemental
   800 | D:2      | Noticed a water elemental
   810 | D:2      | Became a worshipper of Qazlal Stormbringer
  1113 | D:2      | Noticed Terence
  1142 | D:2      | Killed Terence
  1360 | D:3      | Reached XP level 5. HP: 35/43 MP: 5/5
  1427 | D:3      | Reached skill level 5 in Shields
  1764 | D:3      | Found an opulent altar of Gozag.
  2163 | D:3      | Reached * piety under Qazlal
  2181 | D:3      | Reached XP level 6. HP: 33/49 MP: 6/6
  2755 | D:4      | Reached skill level 5 in Fighting
  2989 | D:4      | Found a shadowy altar of Dithmenos.
  3208 | D:4      | Reached XP level 7. HP: 9/56 MP: 7/7
  4308 | D:4      | Found Kuyckofo's Assorted Antiques.
  4313 | D:4      | Bought a scroll labeled LURAKAKHLYI for 23 gold pieces
  4382 | D:5      | Entered Level 5 of the Dungeon
  4710 | D:5      | Reached skill level 5 in Maces & Flails
  4785 | D:5      | Reached XP level 8. HP: 34/64 MP: 8/8
  5244 | D:6      | Noticed Sigmund
  5257 | D:6      | Killed Sigmund
  5275 | D:6      | Found a glowing silver altar of Zin.
  5275 | D:6      | Found a sparkling altar of Nemelex Xobeh.
  5322 | D:6      | Noticed Blork the orc
  5336 | D:6      | Killed Blork the orc
  5385 | D:6      | Reached ** piety under Qazlal
  5400 | D:6      | Found Reitre's Distillery.
  5409 | D:6      | Bought a potion of heal wounds for 70 gold pieces
  5409 | D:6      | Bought a potion of curing for 42 gold pieces
  5409 | D:6      | Bought a potion of heal wounds for 70 gold pieces
  5409 | D:6      | Bought a potion of heal wounds for 70 gold pieces
  5439 | D:6      | Noticed a hippogriff
  5453 | D:6      | Killed a hippogriff
  5593 | D:6      | Found a sand-covered staircase.
  5598 | Ossuary  | Entered an ossuary
  5610 | Ossuary  | Reached XP level 9. HP: 65/72 MP: 9/9
  5941 | Ossuary  | Got a clouded lead ring
  5971 | Ossuary  | Identified the ring "Xih Tuok" {Ice Str+7} (You found it in
                  | an ossuary)
  6551 | D:7      | Noticed Joseph
  6557 | D:7      | Killed Joseph
  6557 | D:7      | Noticed Dowan
  6565 | D:7      | Killed Dowan
  6576 | D:7      | Noticed Duvessa
  6592 | D:7      | Killed Duvessa
  6592 | D:7      | Reached XP level 10. HP: 55/82 MP: 10/10
  6715 | D:7      | Found a staircase to the Ecumenical Temple.
  6768 | D:7      | Found Umaeh's Food Shop.
  6827 | D:7      | Reached skill level 10 in Shields
  6844 | D:7      | Reached *** piety under Qazlal
  7355 | D:7      | Found an ornate altar of the Wu Jian Council.
  7465 | D:8      | Found a shimmering altar of Xom.
  8395 | D:8      | Reached skill level 10 in Fighting
  8411 | D:8      | Found a basalt altar of Yredelemnul.
  9272 | D:9      | Noticed Erica
  9281 | D:9      | Killed Erica
  9281 | D:9      | Reached XP level 11. HP: 81/92 MP: 11/11
  9899 | D:9      | Identified the ring "Joteaniy" {rElec Stlth-}
  9915 | D:9      | Reached skill level 5 in Armour
 10210 | D:10     | Entered Level 10 of the Dungeon
 10363 | D:10     | Reached **** piety under Qazlal
 10593 | D:10     | Noticed an orc knight
 10618 | D:10     | Killed an orc knight
 10618 | D:10     | Reached skill level 10 in Maces & Flails
 10618 | D:10     | HP: 2/93 [centaur/arrow (4)]
 10619 | D:10     | Shot with an arrow by a centaur

Levels and vault maps discovered:
D:1:      shiori_arrival_whats_in_store_for_you, layout_basic
D:2:      layout_loops_ring, nicolae_qazlal_style_of_elements, uniq_terence
D:3:      layout_basic, grunt_gozag_breadcrumbs, first_ration,
          roderic_roman_lattice
D:4:      layout_basic, serial_shops, shop, minmay_misc_feat_pillars,
          nicolae_dithmenos_shadow_blocks
D:5:      layout_rooms
D:6:      layout_rooms, chequers_temple_overflow_statue_of_worship,
          serial_shops, nicolae_shop_window_shopping,
          nicolae_ossuary_entry_ruins, minmay_manual_maat, uniq_blork_the_orc,
          uniq_sigmund
D:7:      layout_basic, kennysheep_little_box, minmay_temple_entry_sparse_star,
          serial_shops, shop, grunt_livestock, uniq_joseph, uniq_duvessa
D:8:      layout_loops_ring, overflow_temple_1_default, xom_butterflies
D:9:      layout_basic, serial_curves, eino_curves_04, eino_curves_01,
          uniq_erica
D:10:     layout_basic, lair_entry_dummy, orc_david_3, minmay_tree_intersection

Skill      XL: |  1  2  3  4  5  6  7  8  9 10 11 |
---------------+----------------------------------+-----
Shields        | 4 5 6 8 9 11 | 11.0
Fighting       | 4 5 6 7 8 10 11 | 11.1
Maces & Flails | 3 4 5 6 7 9 10 | 10.0
Armour         | 4 6 |  6.1

Action                   |  1- 3 |  4- 6 |  7- 9 | 10-12 || total
-------------------------+-------+-------+-------+-------++-------
Melee: Flail             |    30 |       |   354 |   368 ||   752
       Whip              |    67 |   389 |     7 |       ||   463
Invok: Upheaval          |       |       |       |     1 ||     1
 Abil: Dig               |       |     1 |     2 |     2 ||     5
Evoke: Wand              |       |       |     6 |     3 ||     9
  Use: Potion            |       |     1 |       |       ||     1
       Scroll            |       |       |     4 |     4 ||     8
  Eat: Chunk             |       |     8 |    12 |     9 ||    29
       Ration            |       |       |       |     1 ||     1
Armor: Scale mail        |    38 |   163 |    58 |    77 ||   336
Dodge: Dodged            |    19 |   109 |    85 |   100 ||   313
Block: Shield            |    40 |   214 |   172 |   386 ||   812

Table legend:
 A = Non-vault XP
 B = Vault XP
 C = Vault XP percentage of total XP
 D = Non-vault monster count
 E = Vault monster count
 F = Vault count percentage of total count
                 A         B        C        D         E       F
            +---------+---------+-------+---------+---------+-------
      Total |    6695 |    4473 |  40.1 |     209 |      47 |  18.4
            +---------+---------+-------+---------+---------+-------
        D:1 |      24 |       0 |   0.0 |      15 |       0 |   0.0
        D:2 |      67 |      36 |  35.0 |      14 |       1 |   6.7
        D:3 |     203 |       0 |   0.0 |      39 |       0 |   0.0
        D:4 |     427 |       0 |   0.0 |      20 |       0 |   0.0
        D:5 |     297 |       0 |   0.0 |      13 |       0 |   0.0
        D:6 |     640 |     565 |  46.9 |      15 |       6 |  28.6
        D:7 |     626 |    1662 |  72.6 |      19 |       8 |  29.6
        D:8 |    1226 |       0 |   0.0 |      33 |       0 |   0.0
        D:9 |    1542 |     897 |  36.8 |      21 |       1 |   4.5
       D:10 |    1643 |     616 |  27.3 |      20 |       2 |   9.1
    Ossuary |       0 |     697 | 100.0 |       0 |      29 | 100.0
            +---------+---------+-------+---------+---------+-------
